 Dungeon Crawl Stone Soup version 0.26-a0-50-gc4d14cd842 (webtiles) character file.

Game seed: 2594610736249385723

12007 vurker the Thaumaturge (level 11, -17/86 HPs)
             Began as a Mummy Ice Elementalist on June 4, 2020.
             Was an Initiate of Gozag.
             Killed by dispel undead
             ... invoked by Josephine
              (28 damage)
             ... on level 11 of the Dungeon.
             The game lasted 00:20:29 (13029 turns).

vurker the Thaumaturge (Mummy Ice Elementalist)    Turns: 13029, Time: 00:20:30

Health: -17/86     AC:  7    Str: 12    XL:     11   Next: 56%
Magic:  21/28      EV: 16    Int: 18    God:    Gozag
Gold:   4442       SH:  0    Dex: 12    Spells: 25/37 levels left

rFire    . . .     SeeInvis .   B - +4 mace (drain)
rCold    + . .     Gourm    .   (no shield)
rNeg     + + +     Faith    .   a - +0 robe
rPois    ∞         Spirit   .   s - +0 helmet
rElec    .         Reflect  .   A - scarf {repulsion}
rCorr    .         Harm     .   r - +1 pair of gloves
MR       +....                  j - +1 pair of boots {Stlth+}
Stlth    +++.......             e - amulet of regeneration
HPRegen  0.64/turn              z - +4 ring of evasion
MPRegen  0.21/turn              h - ring of protection from fire

@: frozen ramparts, slowed, repel missiles, very slow
A: no food or potions, fire vulnerability, cold resistance 1, negative energy
resistance 3, torment resistance, unbreathing
a: Potion Petition, Call Merchant, Bribe Branch, Renounce Religion


You were on level 11 of the Dungeon.
You worshipped Gozag.
Gozag was most pleased with you.
You were not hungry.

You visited 2 branches of the dungeon, and saw 12 of its levels.

You collected 4982 gold pieces.
You spent 472 gold pieces at shops.
You paid 68 gold pieces to Gozag.

Inventory:

Hand Weapons
 B - a +4 mace of draining (weapon)
   (You took it off Blork the orc on level 4 of the Dungeon)
Missiles
 y - a throwing net (quivered)
Armour
 a - a +0 robe (worn)
 j - a +1 pair of boots of stealth (worn)
   (You found it on level 6 of the Dungeon)
 r - a +1 pair of gloves (worn)
   (You found it on level 4 of the Dungeon)
 s - a +0 helmet (worn)
   (You found it on level 7 of the Dungeon)
 A - a scarf of repulsion (worn)
   (You found it on level 8 of the Dungeon)
Jewellery
 e - an amulet of regeneration (around neck)
   (You found it on level 3 of the Dungeon)
 h - a ring of protection from fire (right hand)
   (You found it on level 1 of the Dungeon)
 l - an uncursed ring of protection from magic
   (You took it off an orc on level 3 of the Dungeon)
 n - an uncursed ring of wizardry
   (You found it on level 1 of the Dungeon)
 x - an uncursed ring of protection from fire
   (You found it on level 8 of the Dungeon)
 z - a +4 ring of evasion (left hand)
   (You found it on level 8 of the Dungeon)
Wands
 c - a wand of disintegration (11)
   (You found it on level 8 of the Dungeon)
 d - a wand of iceblast (8)
   (You found it on level 8 of the Dungeon)
 t - a wand of enslavement (4)
   (You found it on level 7 of the Dungeon)
 u - a wand of paralysis (8)
   (You found it on level 8 of the Dungeon)
Scrolls
 b - a scroll of identify
 f - 4 scrolls of amnesia
 g - 5 scrolls of teleportation
 i - 2 scrolls of immolation
 k - 3 scrolls of fear
 m - 2 scrolls of blinking
 o - 4 scrolls of fog
 p - 4 scrolls of enchant armour
 q - 2 scrolls of magic mapping
 v - 3 scrolls of remove curse
 w - a scroll of enchant weapon
 C - a scroll of brand weapon


   Skills:
 + Level 8.1 Fighting
 - Level 1.5 Dodging
 - Level 1.5 Stealth
 * Level 13.5 Spellcasting
 - Level 3.0 Conjurations
 * Level 10.3 Ice Magic


You had 25 spell levels left.
You knew the following spells:

 Your Spells              Type           Power        Failure   Level  Hunger
a - Freeze                Ice            ####         1%          1    N/A
b - Frozen Ramparts       Ice            #####.       1%          3    N/A
c - Hailstorm             Conj/Ice       #####...     3%          4    N/A
d - Summon Ice Beast      Ice/Summ       ####....     7%          4    N/A

Your spell library contained the following spells:

 Spells                   Type           Power        Failure   Level  Hunger
 Ozocubu's Armour         Chrm/Ice       ####....     1%          3    N/A
 Shock                    Conj/Air       ###.         3%          1    N/A
 Animate Skeleton         Necr           N/A          5%          1    N/A
 Apportation              Tloc           ##....       5%          1    N/A
 Corona                   Hex            ##.....      5%          1    N/A
 Sandblast                Erth           ##....       5%          1    N/A
 Sting                    Tmut/Pois      ##..         5%          1    N/A
 Summon Small Mammal      Summ           ##..         5%          1    N/A
 Passwall                 Tmut/Erth      ##......     9%          2    N/A
 Poisonous Vapours        Pois/Air       ##....       9%          2    N/A
 Swiftness                Chrm/Air       ##......     9%          2    N/A
 Static Discharge         Conj/Air       ###.....     9%          3    N/A
 Stone Arrow              Conj/Erth      ###...       9%          3    N/A
 Mephitic Cloud           Conj/Pois/Air  ###.....     11%         3    N/A
 Ignite Poison            Fire/Tmut/Pois ##......     17%         3    N/A
 Airstrike                Air            ##........   50%         4    N/A
 Olgreb's Toxic Radiance  Pois           ##......     50%         4    N/A
 Petrify                  Tmut/Erth      ##......     50%         4    N/A
 Lightning Bolt           Conj/Air       ###.......   63%         5    N/A
 Lee's Rapid Deconstruct  Erth           ##........   83%         5    N/A

Dungeon Overview and Level Annotations

Branches:
Dungeon (11/15)            Temple (1/1) D:5            Lair (0/6) D:9
    Orc (0/2) D:10

Altars:
Ashenzari
Cheibriados
Dithmenos
Elyvilon
Fedhas
Gozag
Hepliaklqana
Kikubaaqudgha
Makhleb
Nemelex Xobeh
Okawaru
Qazlal
Ru
Sif Muna
Trog
Uskayaw
Vehumet
Wu Jian
Xom
Yredelemnul
Zin
The Shining One

Shops:
D:8 (   D:9 *   D:10 ?

Annotations:
D:11 Josephine


Innate Abilities, Weirdness & Mutations

You do not eat or drink.
Your flesh is vulnerable to fire.
You are immune to poison.
Your flesh is cold resistant. (rC+)
You are immune to negative energy. (rN+++)
You are immune to unholy pain and torment.
You can survive without breathing.


Message History

The wraith completely resists.
The wall freezes the wraith but do no damage.
The wraith misses you.
You hit the wraith.
The wraith resists.
The wall freezes the wraith.
The wraith misses you.
A wraith comes into view.
The wraith resists.
The wall freezes the wraith.
The wraith hits you but does no damage.
Josephine resists.
The wall freezes Josephine.
The wraith resists.
The wall freezes the wraith.
The wraith completely misses you.
The wraith moves out of view.
You thump the wraith!
You destroy the wraith!
Josephine resists.
The wall freezes Josephine.
Josephine resists.
The wall freezes Josephine.
Josephine barely misses you.
Josephine resists.
The wall freezes Josephine.
Josephine hits you with a +2 dagger of electrocution.
You are electrocuted!!
* * * LOW HITPOINT WARNING * * *
Unknown command.
Josephine resists.
The wall freezes Josephine.
Josephine resists.
The wall freezes Josephine.
Josephine completely resists.
The wall freezes Josephine but do no damage.
Josephine hits you with a +2 dagger of electrocution.
* * * LOW HITPOINT WARNING * * *
Josephine resists.
The wall freezes Josephine.
Josephine completely resists.
The wall freezes Josephine but do no damage.
Josephine resists.
The wall freezes Josephine.
Josephine completely misses you. A chill wind blows around you.
Josephine resists.
The wall freezes Josephine.
Josephine hits you with a +2 dagger of electrocution.
* * * LOW HITPOINT WARNING * * *
The frozen ramparts melt away.
Josephine grins malevolently.
Your ice beast hits Josephine but does no damage.
Josephine hits you with a +2 dagger of electrocution.
* * * LOW HITPOINT WARNING * * *
Your ice beast hits Josephine.
Your ice beast freezes Josephine.
Josephine resists.
Your ice beast hits Josephine but does no damage.
The walls around you are covered in ice.
Josephine completely resists.
The wall freezes Josephine but do no damage.
Josephine hits you with a +2 dagger of electrocution!
* * * LOW HITPOINT WARNING * * *
Your ice beast hits Josephine.
Your ice beast freezes Josephine.
Josephine resists. x2; The wall freezes Josephine.
Josephine points at you and mumbles some strange words.
You convulse!
You die...
Your body crumbles into a pile of gold.

#.# ##...## #.# ###.#
##)....###.# #...##
##%......##.#
#####....####.....>...#.#
#.......)...'<....^...'..
#.###....####......)..###
#.# #....# ##.......##
#.# ####.# ##.>...## #.#
#@# ##...## #.######@#
##+## #......Y.#
########.#### #.......#
#.##.##.# # #.##$# #.##$#
#.....


You could see Josephine and a friendly ice beast (summoned).

Vanquished Creatures
  Erolcha (D:9)
  Erica (D:9)
  A two-headed ogre (D:11)
  An unseen horror (D:11)
  An elephant (D:9)
  A centaur zombie (D:11)
  3 cyclopes
  Psyche (D:10)
  A gargoyle (D:10)
  A kobold demonologist (D:11)
  2 hippogriffs
  4 wraiths
  A hungry ghost (D:11)
  A basilisk (D:9)
  A water moccasin (D:8)
  2 phantoms
  An ice beast (D:5)
  4 orc warriors
  A black bear (D:8)
  2 sky beasts
  5 ogres
  2 centaurs
  A big kobold (D:8)
  A crocodile (D:9)
  Blork the orc (D:4)
  8 bullfrogs
  2 scorpions
  A water moccasin skeleton (D:10)
  13 killer bees
  3 wights (D:9)
  7 howler monkeys
  3 crimson imps
  A quasit (D:8)
  7 jellies
  7 orc wizards
  4 orc priests
  3 bullfrog skeletons
  5 hounds
  2 centaur skeletons
  5 iguanas
  5 worker ants
  A killer bee zombie (D:8)
  3 worker ant zombies
  12 gnolls
  A howler monkey skeleton (D:6)
  9 adders
  A shadow imp (D:8)
  6 oozes
  2 adder skeletons
  5 worms
  5 dart slugs
  5 leopard geckos
  31 orcs
  3 giant cockroaches
  12 goblins
  5 hobgoblins
  11 jackals
  15 kobolds
  2 quokkas
  6 bats
  5 frilled lizards
  A leopard gecko zombie (D:8)
  A quokka skeleton (D:6)
  6 rats
265 creatures vanquished.

Vanquished Creatures (collateral kills)
  An ugly thing (D:11)
1 creature vanquished.

Grand Total: 266 creatures vanquished

Notes
Turn   | Place    | Note
-------+----------+-------------------------------------------
     0 | D:1      | vurker the Mummy Ice Elementalist began the quest for the
                  | Orb.
     0 | D:1      | Reached XP level 1. HP: 13/13 MP: 4/4
   433 | D:1      | Reached skill level 3 in Spellcasting
   549 | D:1      | Reached XP level 2. HP: 20/20 MP: 3/6
   873 | D:1      | HP: 1/20 [kobold/+0 dagger (1)]
   876 | D:1      | Reached skill level 1 in Fighting
   923 | D:1      | Reached XP level 3. HP: 4/26 MP: 0/7
  1842 | D:2      | Learned a level 3 spell: Frozen Ramparts
  1957 | D:2      | Reached skill level 4 in Spellcasting
  2002 | D:2      | Reached XP level 4. HP: 30/32 MP: 8/10
  2026 | D:2      | Noticed an ogre
  2036 | D:2      | Killed an ogre
  2036 | D:2      | Reached XP level 5. HP: 16/38 MP: 4/11
  2838 | D:2      | Reached skill level 5 in Spellcasting
  4316 | D:4      | Reached XP level 6. HP: 41/46 MP: 4/14
  4389 | D:4      | Learned a level 4 spell: Hailstorm
  4394 | D:4      | Learned a level 4 spell: Summon Ice Beast
  4535 | D:4      | HP: 2/46 [orc priest/divine providence (16)]
  4864 | D:4      | Reached skill level 1 in Conjurations
  5124 | D:4      | Noticed Blork the orc
  5129 | D:4      | Killed Blork the orc
  5129 | D:4      | Reached skill level 6 in Spellcasting
  5129 | D:4      | Reached skill level 5 in Ice Magic
  5129 | D:4      | Reached XP level 7. HP: 47/51 MP: 8/16
  5502 | D:5      | Entered Level 5 of the Dungeon
  5599 | D:5      | Found a staircase to the Ecumenical Temple.
  5608 | Temple   | Entered the Ecumenical Temple
  5676 | Temple   | Became a worshipper of Gozag Ym Sagoz the Greedy
  5956 | D:5      | Found a sacrificial altar of Ru.
  6723 | D:6      | Reached skill level 7 in Spellcasting
  6723 | D:6      | Reached XP level 8. HP: 41/58 MP: 10/18
  8215 | D:8      | Reached skill level 8 in Spellcasting
  8257 | D:8      | Found Ganlud's Antique Weapon Emporium.
  8423 | D:8      | Got a distressingly furry ring mail
  8441 | D:8      | Identified the cursed +1 ring mail "Qonlidukh" {rElec rPois
                  | Str+3 Dex-2} (You found it on level 8 of the Dungeon)
  8942 | D:8      | Reached XP level 9. HP: 66/66 MP: 13/21
  8944 | D:8      | Reached skill level 9 in Spellcasting
  9221 | D:8      | Reached skill level 5 in Fighting
  9230 | D:8      | Noticed a cyclops
  9236 | D:8      | Killed a cyclops
  9398 | D:8      | Reached skill level 10 in Spellcasting
  9638 | D:8      | Identified a scroll of acquirement
  9734 | D:9      | Noticed an elephant
  9772 | D:9      | Killed an elephant
  9932 | D:9      | Found Ylessug's General Store.
  9952 | D:9      | Reached XP level 10. HP: 72/76 MP: 20/24
 10073 | D:9      | Noticed Erolcha
 10081 | D:9      | Killed Erolcha
 10081 | D:9      | Reached skill level 11 in Spellcasting
 10259 | D:9      | Noticed Erica
 10270 | D:9      | Killed Erica
 10455 | D:9      | Found a staircase to the Lair.
 10864 | D:10     | Entered Level 10 of the Dungeon
 10890 | D:10     | Reached skill level 12 in Spellcasting
 11423 | D:10     | Noticed Psyche
 11429 | D:10     | Killed Psyche
 11507 | D:10     | Found Erom's Magic Scroll Shop.
 11510 | D:10     | Bought a scroll of teleportation for 39 gold pieces
 11510 | D:10     | Bought a scroll of magic mapping for 45 gold pieces
 11510 | D:10     | Bought a scroll of fear for 45 gold pieces
 11510 | D:10     | Bought a scroll of fog for 26 gold pieces
 11510 | D:10     | Bought a scroll of fog for 26 gold pieces
 11510 | D:10     | Bought a scroll of enchant armour for 97 gold pieces
 11510 | D:10     | Bought a scroll of enchant weapon for 97 gold pieces
 11510 | D:10     | Bought a scroll of holy word for 97 gold pieces
 11523 | D:10     | Found a staircase to the Orcish Mines.
 11553 | D:10     | Reached XP level 11. HP: 60/84 MP: 27/27
 11650 | D:10     | Got a crystal falchion
 11657 | D:10     | Identified the cursed +2 falchion "Juzazeur" {antimagic,
                  | rElec rF+ Stlth+} (You found it on level 10 of the Dungeon)
 11995 | D:11     | Noticed a two-headed ogre
 12009 | D:11     | Killed a two-headed ogre
 12425 | D:11     | Reached skill level 13 in Spellcasting
 12561 | D:11     | Killed an unseen horror
 12561 | D:11     | Reached skill level 10 in Ice Magic
 12566 | D:11     | Noticed a brown ugly thing
 12582 | D:11     | Killed a brown ugly thing
 13011 | D:11     | Noticed Josephine
 13029 | D:11     | Killed from afar by Josephine

Illustrated notes

Levels and vault maps discovered:
D:1:      heliophobic_arrival_dark_side_of_the_moon, layout_basic
D:2:      layout_loops_ring
D:3:      layout_basic
D:4:      layout_layer_cave, first_ration, uniq_blork_the_orc
D:5:      layout_cave_pools, nicolae_ru_sacrificial_ziggurat,
          minmay_temple_entry_slanted, nicolae_ossuary_entry_ruins,
          corexii_checkpoint_b
D:6:      layout_basic
D:7:      layout_basic
D:8:      minmay_the_grid_plus_closed [minmay_the_grid_spikes,
          minmay_the_grid_zigzag_pyramid, minmay_the_grid_small_cups,
          minmay_the_grid_minigrid_small_alt,
          minmay_the_grid_prize_inner_circle], layout_basic, serial_shops,
          nicolae_shop_waterfront
D:9:      layout_loops_ring, david_lair_generic, serial_shops, shop,
          hangedman_little_slice_of_home, uniq_erolcha, uniq_erica
D:10:     layout_roguey, orc_0_dummy, serial_shops, kennysheep_mini, uniq_psyche
D:11:     layout_loops_corners, serial_shops, kennysheep_mini_moat,
          uniq_josephine
Temple:   dpeg_three_leaves_temple

Skill      XL: |  1  2  3  4  5  6  7  8  9 10 11 |
---------------+----------------------------------+-----
Spellcasting   | 3 4 5 6 7 8 10 12 13 | 13.5
Fighting       | 1 2 3 4 6 7 8 |  8.1
Ice Magic      | 4 5 6 8 9 10 | 10.3
Conjurations   | 1 2 3 |  3.0
Dodging        | |  1.5
Stealth        | |  1.5

Action                   |  1- 3 |  4- 6 |  7- 9 | 10-12 || total
-------------------------+-------+-------+-------+-------++-------
Melee: Dagger            |     3 |    16 |       |       ||    19
       Spear             |    19 |     9 |       |       ||    28
       Mace              |       |       |   143 |   134 ||   277
 Cast: Freeze            |    57 |    53 |    80 |    16 ||   206
       Frozen Ramparts   |     1 |    30 |    36 |    31 ||    98
       Hailstorm         |       |     2 |    16 |    41 ||    59
       Summon Ice Beast  |       |       |     1 |     3 ||     4
Evoke: Wand              |       |       |       |     3 ||     3
  Use: Scroll            |       |    10 |     8 |     1 ||    19
 Stab: Sleeping          |     3 |       |     4 |     4 ||    11
       Distracted        |       |       |     1 |       ||     1
Armor: Robe              |     3 |    13 |    79 |    39 ||   134
Dodge: Dodged            |    28 |    32 |   152 |   156 ||   368
       Repelled          |       |       |       |     1 ||     1

Table legend:
 A = Non-vault XP
 B = Vault XP
 C = Vault XP percentage of total XP
 D = Non-vault monster count
 E = Vault monster count
 F = Vault count percentage of total count
                 A         B        C        D         E       F
            +---------+---------+-------+---------+---------+-------
      Total |   11245 |    5909 |  34.4 |     233 |      33 |  12.4
            +---------+---------+-------+---------+---------+-------
        D:1 |      65 |       0 |   0.0 |      31 |       0 |   0.0
        D:2 |     231 |       0 |   0.0 |      32 |       0 |   0.0
        D:3 |      76 |       0 |   0.0 |      12 |       0 |   0.0
        D:4 |     312 |      94 |  23.2 |      16 |       1 |   5.9
        D:5 |     374 |       0 |   0.0 |      15 |       0 |   0.0
        D:6 |     364 |       0 |   0.0 |      12 |       0 |   0.0
        D:7 |     379 |       0 |   0.0 |      15 |       0 |   0.0
        D:8 |    1200 |    1604 |  57.2 |      28 |      14 |  33.3
        D:9 |    1038 |    3165 |  75.3 |      21 |      14 |  40.0
       D:10 |    2257 |     434 |  16.1 |      29 |       1 |   3.3
       D:11 |    4949 |     612 |  11.0 |      22 |       3 |  12.0
            +---------+---------+-------+---------+---------+-------
